 Dungeon Crawl Stone Soup version 0.30-b1-2-g02819fbbbe (webtiles) character file.

Game seed: 13729854200174735357

1383 raph the Skirmisher (level 8, 0/63 HPs)
             Began as a Minotaur Hunter on May 12, 2023.
             Slain by a sky beast (6 damage)
             ... on level 6 of the Dungeon.
             The game lasted 00:07:51 (5758 turns).

raph the Skirmisher (Minotaur Hunter)               Turns: 5758, Time: 00:07:51

Health: 0/63       AC:  4    Str: 16    XL:     8   Next: 40%
Magic:  7/7        EV: 12    Int:  6    God:
Gold:   263        SH:  0    Dex: 16    Spells: 7/7 levels left

rFire   . . .        b - +0 halberd
rCold   . . .        (shield currently unavailable)
rNeg    . . .        c - +0 leather armour
rPois   .            (helmet restricted)
rElec   .            (no cloak)
rCorr   +            (no gloves)
SInv    .            f - +0 pair of boots
Will    .....        (no amulet)
Stlth   +            j - ring of flight
HPRegen 0.30/turn    r - ring of resist corrosion
MPRegen 0.10/turn

%: no passive effects
@: flying
A: horns 2, retaliatory headbutt
a: no special abilities


You were on level 6 of the Dungeon.
You visited 1 branch of the dungeon, and saw 6 of its levels.

You collected 275 gold pieces.
You spent 12 gold pieces at shops.

Inventory:

Hand Weapons
 a - a +3 shortbow
 b - a +0 halberd (weapon)
 i - a +0 short sword
 m - a +1 rapier of protection
 p - a +1 rapier of draining
Missiles
 d - 7 poisoned darts
 s - a boomerang of dispersal
Armour
 c - a +0 leather armour (worn)
 f - a +0 pair of boots (worn)
Jewellery
 j - a ring of flight (left hand)
 r - a ring of resist corrosion (right hand)
Wands
 o - a wand of digging (3)
Scrolls
 e - 3 scrolls of immolation
 h - 6 scrolls of poison
 n - a scroll of blinking {unknown}
Potions
 g - 2 potions of curing
 k - a potion of flight
 l - 2 potions of brilliance
 q - a potion of cancellation


   Skills:
 + Level 3.4 Fighting
 + Level 11.9 Ranged Weapons
 - Level 2.1 Dodging
 - Level 0.7 Stealth


You had 7 spell levels left.
You didn't know any spells.
Your spell library contained the following spells:

 Spells                   Type           Power      Damage    Failure   Level
 Magic Dart               Conj           0%         1d3       52%         1
 Call Imp                 Summ           0%         N/A       67%         2
 Dazzling Flash           Conj/Hex       0%         N/A       88%         3
 Mephitic Cloud           Conj/Pois/Air  0%         N/A       88%         3
 Agony                    Necr           0%         N/A       100%        5
 Silence                  Hex/Air        0%         N/A       100%        5


Dungeon Overview and Level Annotations

Branches:
Dungeon (6/15)
 Temple: D:4-7

Altars:
Okawaru
Xom
The Shining One

Shops:
D:1 !:

Annotations:
D:6 Duvessa


Innate Abilities, Weirdness & Mutations

You have a pair of horns on your head.
You reflexively headbutt those who attack you in melee.


Message History

b - a +0 halberd (weapon)
Something hits you but does no damage.
No target in view!
No target in view!
No target in view!
No target in view!
You closely miss something. Something hits you. Something shocks you.
You miss something. Something hits you. Something shocks you.
Something hits you but does no damage.
You hit something. Something hits you. Something shocks you.
You closely miss something. Your headbutt misses something. Something hits you.
Something shocks you. Something hits you but does no damage.
You hit something but do no damage. Your headbutt misses something.
Something hits you. Something shocks you.
You barely miss something. Something hits you. Something shocks you.
Something hits you but does no damage.
You miss something. Something hits you but does no damage.
You closely miss something. You headbutt something.
Something hits you but does no damage. x2
You closely miss something. Something hits you but does no damage.
You miss something. You headbutt something!
Something hits you but does no damage.
A sky beast appears from thin air!
Reactivating autopickup.
The sky beast barely misses you.
A sky beast is nearby!
You closely miss the sky beast.
The sky beast is heavily wounded.
The sky beast hits you. The sky beast shocks you.
* * * LOW HITPOINT WARNING * * *
You hit the sky beast.
The sky beast is heavily wounded.
Duvessa, Sister of Dowan comes into view.
She is wielding a +0 short sword.
The sky beast hits you.
* * * LOW HITPOINT WARNING * * *
The sky beast shocks you.
* * * LOW HITPOINT WARNING * * *
The sky beast hits you.
* * * LOW HITPOINT WARNING * * *
The sky beast shocks you.
You die...

######### #........
#.####### #.# #
##########.#### #
#.............# #
#.########.##.# # #@#
##...#.#### #Y#
#.......... ...####.##
#)...#>#### #....)..#
#)#.##.# ## .....##)##
#.#.##.# #.
..##...#######.#.##.###.
#.............##.....
#...#.######.#.######.
......[ #.#.# #.


You could see a sky beast.

Vanquished Creatures
  Grinder (D:5)
  Menkaure (D:5)
  A water moccasin (D:5)
  An ice beast (D:5)
  An ogre (D:4)
  A phantom (D:4)
  A scorpion (D:5)
  A water moccasin zombie (D:6)
  A centaur zombie (D:6)
  A jelly (D:4)
  3 orc priests
  A hound (D:3)
  4 iguanas
  Ijyb (D:5)
  3 orc wizards
  6 adders
  8 gnolls
  A shadow imp (D:5)
  An ufetubus (D:2)
  2 dart slugs
  14 orcs
  2 ball pythons
  An endoplasm (D:1)
  2 giant cockroaches
  11 goblins
  5 hobgoblins
  3 jackals (D:2)
  A quokka (D:1)
  6 bats
  4 kobolds
  5 rats
94 creatures vanquished.

Notes
Turn   | Place    | Note
-------+----------+-------------------------------------------
     0 | D:1      | raph the Minotaur Hunter began the quest for the Orb.
     0 | D:1      | Reached XP level 1. HP: 18/18 MP: 0/0
   232 | D:1      | Found Xeobuo's Book Emporium.
   463 | D:1      | Found Loagym's Distillery.
   486 | D:1      | Reached XP level 2. HP: 25/25 MP: 1/1
   518 | D:1      | Reached skill level 5 in Ranged Weapons
   824 | D:1      | Bought a potion of degeneration for 12 gold pieces
   874 | D:2      | Reached XP level 3. HP: 30/30 MP: 2/2
   879 | D:2      | Reached skill level 6 in Ranged Weapons
   978 | D:2      | Reached XP level 4. HP: 37/37 MP: 3/3
  1241 | D:2      | Found a faded altar of an unknown god.
  1602 | D:3      | Reached skill level 7 in Ranged Weapons
  1770 | D:3      | Reached XP level 5. HP: 42/42 MP: 4/4
  2217 | D:4      | Found an iron altar of Okawaru.
  2358 | D:4      | Noticed an ogre
  2367 | D:4      | Killed an ogre
  2368 | D:4      | Reached skill level 8 in Ranged Weapons
  2368 | D:4      | Reached XP level 6. HP: 19/50 MP: 5/5
  2681 | D:4      | Found a glowing golden altar of the Shining One.
  2799 | D:4      | Found a shimmering altar of Xom.
  3338 | D:5      | Entered Level 5 of the Dungeon
  3462 | D:5      | Reached skill level 9 in Ranged Weapons
  3574 | D:5      | Reached XP level 7. HP: 13/56 MP: 6/6
  3898 | D:5      | Noticed Grinder
  3918 | D:5      | Killed Grinder
  3919 | D:5      | Reached skill level 10 in Ranged Weapons
  4455 | D:5      | Reached skill level 11 in Ranged Weapons
  4459 | D:5      | HP: 1/56 [ice beast (12)]
  4470 | D:5      | Reached XP level 8. HP: 22/62 MP: 7/7
  4600 | D:5      | Noticed Menkaure
  4604 | D:5      | Killed Menkaure
  4941 | D:5      | Noticed Ijyb
  4961 | D:5      | Killed Ijyb
  5758 | D:6      | Noticed Duvessa
  5758 | D:6      | Slain by a sky beast

Illustrated notes

Levels and vault maps discovered:
D:1:      ebering_trefoil_3fold, layout_basic, serial_shops, shop,
          nicolae_shop_industrial_runoff
D:2:      layout_rooms, shapermc_ecumenical_altar_notcrosses, minivault_19
D:3:      layout_loops_ring, grunt_ministairs_7
D:4:      layout_basic, lemuel_tele_altar, mainiacjoe_overflow_cross_hatched,
          kennysheep_okawaru_gauntlet, minmay_misc_feat_ornament,
          minmay_liquid_box
D:5:      layout_layer_cave, uniq_menkaure, uniq_ijyb, uniq_grinder
D:6:      layout_loops_ring, nicolae_dithmenos_shadow_blocks,
          chequers_temple_overflow_minitemple, serial_undead, serial_undead_c,
          serial_undead_f, serial_undead_e, serial_undead_e, serial_undead_c,
          uniq_duvessa

Skill      XL: |  1  2  3  4  5  6  7  8 |
---------------+-------------------------+-----
Ranged Weapons | 5 6 7 8 9 11 | 11.9
Fighting       | 3 |  3.4
Dodging        | |  2.1
Stealth        | |  0.7

Action                     |  1- 3 |  4- 6 |  7- 9 || total
---------------------------+-------+-------+-------++-------
  Melee: Short sword       |     2 |       |       ||     2
         Headbutt          |     1 |       |    11 ||    12
         Halberd           |       |     2 |    79 ||    81
   Fire: Shortbow          |    73 |   143 |    77 ||   293
    Use: Scroll            |       |    15 |     1 ||    16
         Potion            |       |       |     5 ||     5
 Armour: Leather armour    |     9 |    12 |    36 ||    57
         Skin              |       |       |     6 ||     6
  Dodge: Dodged            |    20 |    38 |    68 ||   126
